 Dungeon Crawl Stone Soup version 0.25.1-2-g60ff931df9 (webtiles) character file.

Game seed: 6529084022300132631

73 Garessta the Skirmisher (level 4, 8/35 HPs)
             Began as a Demonspawn Fighter on Oct 16, 2020.
             Quit the game on level 3 of the Dungeon.
             The game lasted 00:03:26 (1376 turns).

Garessta the Skirmisher (Demonspawn Fighter)        Turns: 1376, Time: 00:03:27

Health: 8/35       AC: 10    Str: 17    XL:     4   Next: 8%
Magic:  4/4        EV:  8    Int:  9    God:
Gold:   85         SH:  9    Dex: 13    Spells: 3/3 levels left

rFire    . . .     SeeInvis .   a - +0 war axe
rCold    . . .     Gourm    .   c - +0 kite shield
rNeg     . . .     Faith    .   h - +0 chain mail
rPois    .         Spirit   .   (helmet restricted)
rElec    .         Reflect  .   b - +0 cloak
rCorr    .         Harm     .   (no gloves)
MR       .....                  (no boots)
Stlth    ..........             (no amulet)
HPRegen  0.11/turn              i - +4 ring of evasion
MPRegen  0.09/turn              l - ring of attention (curse)

@: no status effects
A: antennae 1, nightstalker 1
a: no special abilities


You were on level 3 of the Dungeon.
You were not hungry.

You visited 1 branch of the dungeon, and saw 3 of its levels.

You collected 85 gold pieces.

Inventory:

Hand Weapons
 a - a +0 war axe (weapon)
Missiles
 k - 7 boomerangs (quivered)
Armour
 b - a +0 cloak (worn)
 c - a +0 kite shield (worn)
 h - a +0 chain mail (worn)
Jewellery
 e - an uncursed ring of ice
 i - a +4 ring of evasion (left hand)
 l - a cursed ring of attention (right hand)
Scrolls
 n - 3 scrolls of identify
 o - a scroll of fog
Potions
 d - a potion of might
 g - a potion of lignification {unknown}
 m - a potion of brilliance
 p - a potion of curing {unknown}
 q - 3 potions of stabbing {unknown}
Comestibles
 f - 9 rations


   Skills:
 + Level 3.5 Fighting
 + Level 2.4 Axes
 + Level 3.2 Armour
 + Level 3.2 Shields


You had 3 spell levels left.
You didn't know any spells.
Your spell library was empty.

Dungeon Overview and Level Annotations

Branches:
Dungeon (3/15)

Altars:


Innate Abilities, Weirdness & Mutations

You have a pair of small antennae on your head.
You are slightly more attuned to the shadows.


Message History

The orc priest calls down the wrath of Beogh upon you.
Beogh smites you!
* * * LOW HITPOINT WARNING * * *
You are too injured to fight recklessly!
You are too injured to fight recklessly!
You are too injured to fight recklessly!
You are too injured to fight recklessly!
You are too injured to fight recklessly!
You are too injured to fight recklessly!
You are too injured to fight recklessly!
You are too injured to fight recklessly!
You are too injured to fight recklessly!
You are too injured to fight recklessly!
You are too injured to fight recklessly!
You are too injured to fight recklessly!
You are too injured to fight recklessly!
You are too injured to fight recklessly!
You are too injured to fight recklessly!
You are too injured to fight recklessly!
Are you sure you want to abandon this character and quit the game? (Confirm with "yes".)

#########
#.......#
#.......#
#.......#
#<†.....#
#.......#
#.......#
#....@o.#
#...†.).#
#..........
#?......##..
#.......# #
#######.# ..


You could see an orc priest.

Vanquished Creatures
  3 adders
  A worm (D:2)
  2 leopard geckos (D:2)
  2 orcs (D:3)
  4 bats
  2 giant cockroaches (D:1)
  5 goblins
  5 hobgoblins
  3 jackals (D:1)
  2 quokkas (D:2)
  A ball python (D:1)
  A frilled lizard (D:2)
  2 kobolds (D:2)
  3 rats
36 creatures vanquished.

Notes
Turn   | Place    | Note
-------+----------+-------------------------------------------
     0 | D:1      | Garessta the Demonspawn Fighter began the quest for the
                  | Orb.
     0 | D:1      | Reached XP level 1. HP: 18/18 MP: 1/1
   298 | D:1      | Gained mutation: You have a pair of small antennae on your
                  | head. [demonic ancestry]
   298 | D:1      | Reached XP level 2. HP: 24/24 MP: 2/2
   862 | D:2      | Reached XP level 3. HP: 28/29 MP: 3/3
  1357 | D:3      | Gained mutation: You are slightly more attuned to the
                  | shadows. [demonic ancestry]
  1357 | D:3      | Reached XP level 4. HP: 29/35 MP: 4/4
  1376 | D:3      | Quit the game

Illustrated notes

Levels and vault maps discovered:
D:1:      erik_arrival_triangle_small, layout_loops_cross,
          kennysheep_nondescript, minmay_misc_feat_roman
D:2:      layout_rooms, first_ration
D:3:      layout_basic, lemuel_round_altar, minivault_24, kennysheep_potato

Skill      XL: |  1  2 |
---------------+-------+-----
Axes           | 2 |  2.4
Shields        | 3 |  3.2
Armour         | 3 |  3.2
Fighting       | |  3.5

Action                   |  1- 3 |  4- 6 || total
-------------------------+-------+-------++-------
Melee: War axe           |    99 |    13 ||   112
  Use: Scroll            |     2 |       ||     2
       Potion            |     1 |       ||     1
  Eat: Chunk             |     2 |       ||     2
Armor: Chain mail        |    61 |     8 ||    69
       Scale mail        |     1 |       ||     1
Dodge: Dodged            |    37 |    13 ||    50
Block: Kite shield       |    56 |     6 ||    62
